 Dungeon Crawl Stone Soup version 0.17-a0-1479-g4041c36 (webtiles) character file.

275 amnekian the Ducker (level 6, -4/38 HPs)
             Began as an Octopode Transmuter on July 4, 2015.
             Slain by an ogre
             ... wielding a +0 giant club
              (14 damage)
             ... on level 5 of the Dungeon.
             The game lasted 00:13:35 (4729 turns).

amnekian the Ducker (Octopode Transmuter)           Turns: 4729, Time: 00:13:35

Health: -4/38      AC:  2    Str: 10    XL:     6   Next: 24%
Magic:  3/9        EV: 23    Int: 16    God:
Gold:   106        SH:  0    Dex: 18    Spells: 3 memorised, 3 levels left

rFire  . . .     SeeInvis .       - Unarmed
rCold  . . .     Clarity  .     (shield currently unavailable)
rNeg   . . .     SustAt   .     (helmet currently unavailable)
rPois  .         Gourm    .     (no amulet)
rElec  .         Spirit   .     q - ring of poison resistance
rCorr  .         Warding  .     (no ring)
rMut   .         Stasis   .     (no ring)
MR     .....                    (no ring)
Stlth  ++........               (no ring)
                                (no ring)
                                (no ring)
                                (no ring)

@: spider-form, very slightly contaminated, not resistant to hostile
enchantments, unstealthy
A: almost no armour, amphibious, 8 rings, (constrict 8), (camouflage 0),
(gelatinous body 0)
a: End Transformation


You were on level 5 of the Dungeon.
You were not hungry.
You were a venomous arachnid creature.
You visited 1 branch of the dungeon, and saw 5 of its levels.

You collected 106 gold pieces.

Inventory:

Hand weapons
 b - a +0 hunting sling (melded)
 v - a +0 blowgun
Missiles
 a - 9 arrows
 e - 9 tomahawks
 f - 23 poisoned needles
 g - 155 stones (quivered)
 h - 38 sling bullets
Jewellery
 q - a ring of poison resistance (left front leg)
 r - an uncursed ring of protection from fire {unknown}
Magical devices
 c - a wand of digging (15)
 m - a wand of slowing (19)
 p - a wand of slowing (28)
Scrolls
 n - 2 scrolls of identify
 y - a scroll of recharging
Potions
 d - 2 potions of heal wounds {unknown}
 i - 2 potions of poison {unknown}
 j - 2 potions of flight {unknown}
 s - a potion of cure mutation {unknown}
 t - a potion of agility {unknown}
 x - a potion of might {unknown}
Books
 l - a book of Changes

   Spells                             Type                      Level
   a - Beastly Appendage              Transmutation                1
   b - Sticks to Snakes               Transmutation                2
   c - Spider Form                    Transmutation/Poison         3
   d - Ice Form                       Ice/Transmutation            4
   e - Blade Hands                    Transmutation                5
 o - a book of Maledictions

   Spells                             Type                      Level
   a - Corona                         Hexes                        1
   b - Ensorcelled Hibernation        Hexes/Ice                    2
   c - Confuse                        Hexes                        3
   d - Tukima's Dance                 Hexes                        3
   e - Dazzling Spray                 Conjuration/Hexes            3
 w - a book of Power

   Spells                             Type                      Level
   a - Fulminant Prism                Conjuration/Hexes            4
   b - Iskenderun's Mystic Blast      Conjuration                  4
   c - Venom Bolt                     Conjuration/Poison           5
   d - Bolt of Magma                  Conjuration/Fire/Earth       5
   e - Iron Shot                      Conjuration/Earth            6
   f - Orb of Destruction             Conjuration                  7
   g - Spellforged Servitor           Conjuration/Summoning        7
Comestibles
 k - 6 chunks of flesh
 u - a slice of pizza


   Skills:
 - Level 1.0 Fighting
 + Level 4.3 Dodging
 - Level 3.0 Unarmed Combat
 - Level 2.0 Spellcasting
 - Level 3.4 Transmutations
 - Level 4.0 Poison Magic


You had 3 spell levels left.
You knew the following spells:

 Your Spells              Type           Power        Failure   Level  Hunger
a - Beastly Appendage     Trmt           ##....       21%         1    #......
b - Sticks to Snakes      Trmt           ##........   24%         2    ###....
c - Spider Form           Trmt/Pois      ##........   32%         3    ###....


Dungeon Overview and Level Annotations

Branches:
Dungeon (5/15)
 Temple: D:4-7

Altars:
Kikubaaqudgha
Qazlal
Sif Muna
The Shining One

Annotations:
D:1 exclusion: gnoll
D:2 Sigmund
D:4 magipi's ghost, experienced TeFE
D:5 2 exclusions


Innate Abilities, Weirdness & Mutations

You cannot wear most types of armour.
You are amphibious.
You can wear up to eight rings at the same time.
((You can use your tentacles to constrict eight enemies at once.))
((Your skin changes colour to match your surroundings (Stealth).))
((Your rubbery body absorbs attacks (AC +1).))


Message History

You start resting.
Magic restored.
An ogre comes into view. It is wielding a giant club.
Casting: Spider Form
Confirm with . or Enter, or press ? or * to list all spells.
You miscast Spider Form.
You are very lightly contaminated with residual magic.
Your vision is briefly tinged with green.
Casting: Spider Form
Confirm with . or Enter, or press ? or * to list all spells.
You turn into a venomous arachnid creature.
Your +0 hunting sling melds into your body.
The ogre shouts!
The ogre hits you with a giant club!!
Ouch! That really hurt!
* * * LOW HITPOINT WARNING * * *
You hit the ogre.
The ogre is poisoned.
The ogre is lightly wounded.
The ogre hits you with a giant club!
You die...

#....#......'.....
####.###....######
#.# #....# #.#
#....# #.# #..[.#
#.# #....# #.#
#....# #.#######.#
#....# #....Os...#
#..Y.# ###########


You could see an ogre.

Vanquished Creatures
  A centaur zombie (D:5)
  3 orc wizards
  A worker ant (D:5)
  A hound skeleton (D:4)
  Robin (D:3)
  3 adders (D:3)
  3 worms
  3 giant geckos
  4 orcs
  A giant cockroach (D:2)
  16 goblins
  5 hobgoblins
  2 quokkas
  3 ball pythons
  6 bats
  A giant newt (D:3)
  5 kobolds
  12 rats
71 creatures vanquished.

Vanquished Creatures (collateral kills)
  An adder (D:3)
  A goblin (D:3)
  A hobgoblin (D:3)
3 creatures vanquished.

Grand Total: 74 creatures vanquished

Notes
Turn   | Place    | Note
--------------------------------------------------------------
     0 | D:1      | amnekian the Octopode Transmuter began the quest for the Orb.
     0 | D:1      | Reached XP level 1. HP: 13/13 MP: 3/3
   380 | D:1      | Reached XP level 2. HP: 18/18 MP: 5/5
   390 | D:1      | Learned a level 2 spell: Sticks to Snakes
   929 | D:2      | Reached XP level 3. HP: 17/23 MP: 6/6
  1016 | D:2      | Noticed Sigmund
  1256 | D:3      | Learned a level 3 spell: Spider Form
  1412 | D:3      | Reached skill level 1 in Poison Magic
  2151 | D:3      | Reached XP level 4. HP: 28/28 MP: 1/7
  2232 | D:3      | Found a glowing golden altar of the Shining One.
  2628 | D:3      | Noticed Robin
  2634 | D:3      | Killed Robin
  2634 | D:3      | Reached skill level 4 in Poison Magic
  2649 | D:3      | Reached XP level 5. HP: 33/33 MP: 5/8
  3668 | D:4      | Found a stormy altar of Qazlal.
  3725 | D:4      | Found an ancient bone altar of Kikubaaqudgha.
  3781 | D:4      | Noticed magipi's ghost (experienced TeFE)
  4020 | D:4      | Found a deep blue altar of Sif Muna.
  4362 | D:5      | Entered Level 5 of the Dungeon
  4362 | D:5      | Noticed a centaur
  4518 | D:5      | Reached XP level 6. HP: 38/38 MP: 5/9
  4583 | D:5      | Noticed an ice beast
  4723 | D:5      | Noticed an ogre
  4729 | D:5      | Slain by an ogre

Vault maps used:
D:1:      minmay_arrival_stone_box, minmay_misc_feat_chi
D:2:      ecumenical_altar_1, uniq_iyjb, uniq_sigmund, uniq_jessica
D:3:      nicolae_tso_swordbearing_angel, first_bread, uniq_robin
D:4:      overflow_temple_1_default, nicolae_overflow_crystal_walls, tgw_sif
D:5:      grunt_temple_overflow_lords_of_destruction

Action                   |  1- 3 |  4- 6 || total
-------------------------+-------+-------++-------
Melee: Unarmed           |    50 |    67 ||   117
       Hunting sling     |    39 |    31 ||    70
 Fire: Hunting sling     |    33 |    28 ||    61
 Cast: Beastly Appendage |    11 |     1 ||    12
       Sticks to Snakes  |     3 |       ||     3
       Spider Form       |     1 |    14 ||    15
  Use: Scroll            |     4 |     4 ||     8
       Potion            |     2 |       ||     2
 Stab: Sleeping          |     6 |     1 ||     7
  Eat: Bread ration      |     1 |     1 ||     2
       Chunk             |       |     7 ||     7
